 Dungeon Crawl Stone Soup version 0.31.0-11-ge490571c62 (webtiles) character file.

Game seed: 2405443640703359380

326 GKuma the Conjurer (level 6, -7/45 HPs)
             Began as a Draconian Conjurer on Jan 30, 2024.
             Was a Follower of Vehumet.
             Mangled by Menkaure (10 damage)
             ... on level 4 of the Dungeon.
             The game lasted 00:16:56 (4577 turns).

GKuma the Conjurer (Draconian Conjurer)             Turns: 4577, Time: 00:16:56

Health: -7/45      AC:  6    Str:  9    XL:     6   Next: 24%
Magic:  10/10      EV: 12    Int: 20    God:    Vehumet [*.....]
Gold:   217        SH:  5    Dex: 10    Spells: 8/11 levels left

rFire   + . .        c - staff of conjuration
rCold   . . .        (no shield)
rNeg    . . .        (body armour unavailable)
rPois   .            (helmet restricted)
rElec   .            (no cloak)
rCorr   +            (no gloves)
SInv    .            (no boots)
Will    .....        g - amulet of reflection
Stlth   ++           e - ring of protection from fire
HPRegen 0.27/turn    h - ring of resist corrosion
MPRegen 0.12/turn

%: reflection
@: no status effects
A: AC +6, unfitting armour, cold-blooded
a: Renounce Religion


You were on level 4 of the Dungeon.
You worshipped Vehumet.
Vehumet was aware of your devotion.
You visited 1 branch of the dungeon, and saw 4 of its levels.

You collected 217 gold pieces.

Inventory:

Hand Weapons
 j - a +4 flail
Magical Staves
 c - a staff of conjuration (weapon)
Jewellery
 e - a ring of protection from fire (left hand)
 g - an amulet of reflection (around neck)
 h - a ring of resist corrosion (right hand)
Potions
 a - a potion of magic
 b - a potion of brilliance


   Skills:
 + Level 2.2 Staves
 + Level 2.8 Dodging
 - Level 2.0 Stealth
 + Level 3.1 Spellcasting
 * Level 5.4 Conjurations
 + Level 2.1 Evocations


You had 8 spell levels left.
You knew the following spells:

 Your Spells              Type           Power      Damage    Failure   Level
a - Magic Dart            Conj           100%       1d8       1%          1
b - Searing Ray           Conj           74%        2d7       2%          2

Your spell library contained the following spells:

 Spells                   Type           Power      Damage    Failure   Level
 Sandblast                Erth           6%         2d5       14%         1
 Sublimation of Blood     Necr           3%         N/A       22%         2
 Fulminant Prism          Conj/Alch      10%        3d8       41%         4
 Iskenderun's Mystic Bla  Conj/Tloc      21%        2d6       41%         4
 Irradiate                Conj/Alch      10%        3d15      77%         5
 Ignite Poison            Fire/Alch      3%         N/A       80%         4
 Petrify                  Alch/Erth      3%         N/A       80%         4
 Sticky Flame             Fire/Alch      3%         2d4       80%         4
 Ignition                 Fire           1%         3d3       100%        8


Dungeon Overview and Level Annotations

Branches:
Dungeon (4/15)
 Temple: D:4-7

Altars:
Vehumet

Shops:
D:2 (

Annotations:
D:4 Menkaure


Innate Abilities, Weirdness & Mutations

Your plain brown scales are hard. (AC +6)
You cannot fit into any form of body armour.
You are cold-blooded and may be slowed by cold attacks.


Message History

Menkaure seems to speed up.
Menkaure calls on the powers of darkness!
Your body is wracked with pain!
Menkaure shouts, "The curse of the Pharaohs be upon you!"
Menkaure calls on the powers of darkness!
Your body is wracked with pain!
* * * LOW HITPOINT WARNING * * *
You see here a +0 club.
You feel better. You block Menkaure's attack. Menkaure casts a spell at you.
Pain shoots through your body!
* * * LOW HITPOINT WARNING * * *
It was a potion of heal wounds.
You feel much better.
Menkaure blazes with dark energy!
Menkaure calls on the powers of darkness!
Your body is wracked with pain!
You feel your willpower return.
You feel much better. Menkaure hits you!
Menkaure points at you and mumbles some strange words.
You barely resist.
Menkaure gestures at you while chanting.
You barely resist.
Menkaure gestures at you while chanting.
You barely resist.
Menkaure calls on the powers of darkness!
Your body is wracked with pain!
Menkaure gestures at you while chanting.
Pain shoots through your body!
Menkaure draws the symbol "Udjat" in the dust.
Menkaure points at you and mumbles some strange words.
Pain shoots through your body!
* * * LOW HITPOINT WARNING * * *
Casting: Magic Dart (safe; 1% risk of failure)
Confirm with . or Enter, or press ? or * to list all spells.
You don't know that spell.
You feel better. Menkaure attacks as he pursues you! Menkaure hits you.
* * * LOW HITPOINT WARNING * * *
Menkaure attacks as he pursues you! Menkaure hits you!
You die...

..)))..........#..#
###########....#..#
####.#..######.
#.#.........
#.#.######## #.#<#
#.#.# #.#.#######
#.#@M.....#
#.#######.# #.# #.#
#.# #.# #.# #.#
#.#######.#
#.).......#
###########


You could see Menkaure (fast).

Vanquished Creatures
  A bombardier beetle (D:4)
  2 orc priests (D:4)
  An orc wizard (D:3)
  7 gnolls
  6 adders
  A dart slug (D:3)
  5 orcs
  5 bats
  7 endoplasms
  3 giant cockroaches
  6 goblins
  7 hobgoblins
  10 jackals
  5 kobolds
  6 quokkas
  5 ball pythons
  3 frilled lizards
  2 rats (D:3)
82 creatures vanquished.

Notes
Turn   | Place    | Note
-------+----------+-------------------------------------------
     0 | D:1      | GKuma the Draconian Conjurer began the quest for the Orb.
     0 | D:1      | Reached XP level 1. HP: 14/14 MP: 3/3
   167 | D:1      | Reached XP level 2. HP: 11/20 MP: 0/5
   842 | D:1      | Reached XP level 3. HP: 26/26 MP: 0/6
   845 | D:1      | Learned a level 2 spell: Searing Ray
   917 | D:1      | You fall into a shaft and drop 1 floor!
   986 | D:1      | Found a faded altar of an unknown god.
  1644 | D:2      | Found Simmig's Antique Weapon Emporium.
  1672 | D:2      | Found a radiant altar of Vehumet.
  1690 | D:2      | Became a worshipper of Vehumet
  1790 | D:2      | Reached skill level 1 in Evocations
  2144 | D:2      | Reached XP level 4. HP: 22/33 MP: 0/7
  2373 | D:3      | Reached skill level 1 in Staves
  2954 | D:3      | Noticed a gnoll sergeant
  2961 | D:3      | Reached XP level 5. HP: 7/38 MP: 1/8
  3224 | D:3      | Reached skill level 5 in Conjurations
  3886 | D:4      | Noticed Menkaure
  4359 | D:4      | Reached * piety under Vehumet
  4359 | D:4      | Offered knowledge of Sandblast by Vehumet.
  4360 | D:4      | Reached XP level 6. HP: 45/45 MP: 7/10
  4577 | D:4      | Mangled by Menkaure

Illustrated notes

Levels and vault maps discovered:
D:1:      elethiomel_arrival_infinity_welcomes_careful_drivers,
          layout_loops_ring, basic_ecumenical_altar
D:2:      layout_basic, basic_altar, serial_shops, shop, serial_forest,
          infiniplex_forest_clump_double, infiniplex_forest_straight_4,
          infiniplex_forest_diagonal, infiniplex_forest_clump_tiny,
          infiniplex_forest_straight_2, infiniplex_forest_lined_room_2,
          infiniplex_forest_lined_ring, infiniplex_forest_clump_long,
          infiniplex_forest_clump_double
D:3:      layout_loops_corners, minmay_tree_intersection, st_stairs_13,
          minivault_23, skrybe_limestone_x
D:4:      layout_basic, uniq_menkaure

Skill      XL: |  1  2  3  4  5 |
---------------+----------------+-----
Stealth        | 2 |  2.0
Dodging        | 2 |  2.8
Evocations     | 1 2 |  2.1
Staves         | 1 2 |  2.2
Conjurations   | 5 |  5.4
Spellcasting   | 3 |  3.1

Action                     |  1- 3 |  4- 6 || total
---------------------------+-------+-------++-------
  Melee: Unarmed           |    24 |       ||    24
         Tailslap          |     7 |     2 ||     9
         Staff             |    31 |     8 ||    39
         Punch             |     1 |     1 ||     2
   Cast: Magic Dart        |    77 |    68 ||   145
         Searing Ray       |       |     6 ||     6
    Use: Scroll            |       |     9 ||     9
         Potion            |       |     4 ||     4
 Armour: Skin              |    45 |    29 ||    74
  Dodge: Dodged            |    56 |    16 ||    72
  Block: Other             |     2 |     7 ||     9
